 Dungeon Crawl Stone Soup version 0.29.1-12-g30fa7ad0bf (webtiles) character file.

Game seed: 7323601571564956084

3899 fantasyman the Cleaver (level 10, -9/88 HPs)
             Began as a Minotaur Fighter on Dec 13, 2022.
             Was an Initiate of the Shining One.
             Mangled by a boulder beetle (47 damage)
             ... on level 7 of the Dungeon.
             The game lasted 00:10:33 (7103 turns).

fantasyman the Cleaver (Minotaur Fighter)           Turns: 7103, Time: 00:10:33

Health: -9/88      AC: 13    Str: 25    XL:     10   Next: 0%
Magic:  10/10      EV:  8    Int:  5    God:    the Shining One [......]
Gold:   556        SH:  5    Dex: 10    Spells: 9/9 levels left

rFire   + . .      SeeInvis .   b - +5 broad axe (vorpal)
rCold   + . .      Faith    .   c - +0 buckler
rNeg    . . .      Spirit   .   l - +0 chain mail
rPois   .          Reflect  .   (helmet restricted)
rElec   .          Harm     .   p - scarf {rC+ rF+}
rCorr   .          Rampage  .   (no gloves)
Will    .....                   x - +0 pair of boots
Stlth   ..........              (no amulet)
HPRegen 0.24/turn               (no ring)
MPRegen 0.12/turn               (no ring)

@: glowing, studying Armour
A: horns 2, retaliatory headbutt, high MP 1, wild magic 1
a: Renounce Religion


You were on level 7 of the Dungeon.
You worshipped the Shining One.
The Shining One was noncommittal.
You visited 2 branches of the dungeon, and saw 8 of its levels.
You also visited: Sewer.

You collected 556 gold pieces.

Inventory:

Hand Weapons
 b - a +5 vorpal broad axe (weapon)
Missiles
 e - 3 throwing nets (quivered)
Armour
 c - a +0 buckler (worn)
 l - a +0 chain mail (worn)
 p - a scarf of resistance (worn)
 x - a +0 pair of boots (worn)
Jewellery
 g - a +6 ring of intelligence
 m - an amulet of magic regeneration
 s - an amulet of faith
Wands
 f - a wand of polymorph (4)
 k - a wand of flame (7)
 o - a wand of digging (12)
Scrolls
 h - 2 scrolls of amnesia
 j - 7 scrolls of identify
 n - 2 scrolls of teleportation
 v - a scroll of enchant weapon {unknown}
Potions
 a - 6 potions of flight
 d - 2 potions of might
 i - a potion of curing {unknown}
 q - 2 potions of brilliance
 r - a potion of degeneration
 t - a potion of attraction
 u - a potion of haste


   Skills:
 + Level 8.1 Fighting
 + Level 12.6 Axes
 + Level 11.4 Armour
 + Level 6.2 Shields


You had 9 spell levels left.
You didn't know any spells.
Your spell library was empty.

Dungeon Overview and Level Annotations

Branches:
Dungeon (7/15)             Temple (1/1) D:6           Sewer (visited)

Altars:
Ashenzari
Cheibriados
Fedhas
Gozag
Kikubaaqudgha
Makhleb
Okawaru
Qazlal
Sif Muna
Trog
Uskayaw
Wu Jian
Xom
Yredelemnul
Zin
The Shining One

Shops:
D:2 *


Innate Abilities, Weirdness & Mutations

You have a pair of horns on your head.
You reflexively headbutt those who attack you in melee.
You have an increased reservoir of magic. (+10% MP)
Your spells are a little harder to cast, but a little more powerful.


Message History

You slash the boulder beetle!
You headbutt the boulder beetle, but do no damage.
The boulder beetle is heavily wounded.
The boulder beetle bites you but does no damage.
You slash the boulder beetle!
The boulder beetle is heavily wounded.
The boulder beetle bites you!
You completely miss the boulder beetle. You headbutt the boulder beetle!
The boulder beetle is severely wounded.
The boulder beetle bites you!
You hit the boulder beetle but do no damage.
You headbutt the boulder beetle.
The boulder beetle is severely wounded.
The boulder beetle bites you!
You slash the boulder beetle! You headbutt the boulder beetle.
The boulder beetle is almost dead.
The boulder beetle bites you!!
You hit the boulder beetle but do no damage.
You headbutt the boulder beetle, but do no damage.
The boulder beetle is almost dead.
The boulder beetle completely misses you.
You hit the boulder beetle but do no damage.
The boulder beetle is almost dead.
The boulder beetle leaps!
You slash the boulder beetle!
You headbutt the boulder beetle, but do no damage.
The boulder beetle is almost dead.
The boulder beetle leaps!
You start resting.
A deep elf pyromancer is nearby!
You start resting.
A boulder beetle is nearby!
You are too injured to fight recklessly!
You are too injured to fight recklessly!
You are too injured to fight recklessly!
The boulder beetle waves its antennae.
The boulder beetle curls into a ball and begins rolling!
The boulder beetle hits you!!!
Ouch! That really hurt!
You die...

..##.####..#....#.....## #.....##
...#...##....#####.....# ##......
.>.##.##..####...#.....# ###.....
##..#.##.......#.#.....# #......<
##..#'#+#########'.....####......
##.................#.#.........##
.#...........##....###.........##
.....e.....#...B...####....#....#
#.........##.#.#@....#.....#....#
..........##.###........#........
........#....##..................
..#>..#.#.B..##.........###....#.
#.##.####..####........#####.....
###### ##.###...........###.....
#...#............#...##..
##..................##...
##..............>.......


You could see a boulder beetle (rolling).

Vanquished Creatures
  A two-headed ogre (D:7)
  Grinder (D:6)
  3 yaks (D:6)
  A water moccasin (D:7)
  A black bear (D:7)
  A sky beast (D:7)
  An ice beast (D:7)
  3 ogres
  A centaur (D:7)
  2 phantoms
  A kobold brigand (D:6)
  2 bullfrogs (D:7)
  4 necrophages
  5 scorpions
  A howler monkey (D:7)
  A bullfrog zombie (D:5)
  2 jellies
  4 hounds
  3 orc priests
  2 centaur skeletons (D:5)
  Terence (D:3)
  2 iguanas
  A merfolk siren (Sewer)
  8 orc wizards
  A merfolk avatar (Sewer)
  A killer bee zombie (D:5)
  A hound skeleton (D:5)
  8 gnolls
  7 adders
  6 river rats
  A white imp (D:7)
  An adder skeleton (D:5)
  A worm (D:4)
  4 dart slugs
  17 orcs
  5 bats
  8 endoplasms
  9 giant cockroaches
  11 goblins
  A hobgoblin (D:2)
  3 quokkas (Sewer)
  6 ball pythons
  11 frilled lizards
  13 kobolds
  20 rats
187 creatures vanquished.

Vanquished Creatures (others)
  4 toadstools (D:1)
4 creatures vanquished.

Grand Total: 191 creatures vanquished

Notes
Turn   | Place    | Note
-------+----------+-------------------------------------------
     0 | D:1      | fantasyman the Minotaur Fighter began the quest for the
                  | Orb.
     0 | D:1      | Reached XP level 1. HP: 19/19 MP: 0/0
   124 | D:1      | Reached XP level 2. HP: 27/27 MP: 1/1
   307 | D:1      | Identified a scroll of acquirement
   307 | D:1      | Acquired a +5 vorpal broad axe
   524 | D:1      | You fall into a shaft and drop 1 floor!
   564 | D:2      | Found a faded altar of an unknown god.
   697 | D:2      | Reached skill level 3 in Axes
   697 | D:2      | Reached XP level 3. HP: 30/33 MP: 2/2
  1021 | D:2      | Found Satipid's Assorted Antiques.
  1338 | D:3      | Noticed Terence
  1343 | D:3      | Killed Terence
  1344 | D:3      | Reached skill level 4 in Axes
  1344 | D:3      | Reached XP level 4. HP: 31/40 MP: 3/3
  1573 | D:3      | Found a burning altar of Makhleb.
  1578 | D:3      | Found a glowing silver altar of Zin.
  1578 | D:3      | Noticed an angel
  1578 | D:3      | Noticed a blizzard demon
  1589 | D:3      | Reached XP level 5. HP: 32/47 MP: 4/4
  1591 | D:3      | Reached skill level 5 in Axes
  1784 | D:3      | Acquired a manual of Armour
  1832 | D:3      | Found a glowing drain.
  2005 | Sewer    | Entered a sewer
  2145 | Sewer    | Reached XP level 6. HP: 12/53 MP: 5/5
  2687 | Sewer    | Reached skill level 5 in Armour
  2708 | Sewer    | Reached skill level 6 in Axes
  3061 | D:4      | Found a blossoming altar of Fedhas.
  3233 | D:4      | Reached skill level 5 in Fighting
  3536 | D:4      | Found a bloodstained altar of Trog.
  3748 | D:5      | Entered Level 5 of the Dungeon
  3789 | D:5      | Reached skill level 7 in Axes
  3789 | D:5      | Reached XP level 7. HP: 61/61 MP: 6/6
  4033 | D:5      | Found an ornate altar of the Wu Jian Council.
  4107 | D:5      | Reached skill level 8 in Axes
  4323 | D:5      | Reached XP level 8. HP: 70/70 MP: 7/7
  4474 | D:6      | Found a broken altar of Ashenzari.
  4519 | D:6      | Reached skill level 9 in Axes
  4619 | D:6      | Found a staircase to the Ecumenical Temple.
  4672 | D:6      | Reached skill level 5 in Shields
  4694 | D:6      | Noticed Grinder
  4704 | D:6      | Gained mutation: Your body sometimes deteriorates upon
                  | taking damage. [potion of mutation]
  4704 | D:6      | Gained mutation: You occasionally lose the ability to drink
                  | potions when taking damage. [potion of mutation]
  4704 | D:6      | Gained mutation: You have sharp fingernails. [potion of
                  | mutation]
  5200 | D:6      | Killed Grinder
  5201 | D:6      | Reached skill level 10 in Axes
  5687 | D:6      | Reached XP level 9. HP: 76/79 MP: 8/8
  5691 | D:6      | Lost mutation: You have sharp fingernails. [potion of
                  | mutation]
  5691 | D:6      | Lost mutation: Your body sometimes deteriorates upon taking
                  | damage. [potion of mutation]
  5691 | D:6      | Lost mutation: You occasionally lose the ability to drink
                  | potions when taking damage. [potion of mutation]
  5691 | D:6      | Gained mutation: Your spells are a little harder to cast,
                  | but a little more powerful. [potion of mutation]
  5691 | D:6      | Gained mutation: You have an increased reservoir of magic.
                  | (+10% MP) [potion of mutation]
  5750 | D:6      | Reached skill level 11 in Axes
  6231 | Temple   | Entered the Ecumenical Temple
  6258 | Temple   | Became a worshipper of the Shining One
  6289 | D:7      | Found a hide-covered altar of Uskayaw.
  6290 | D:7      | Found a basalt altar of Yredelemnul.
  6454 | D:7      | Reached skill level 10 in Armour
  6518 | D:7      | Identified the +1 chain mail of Pymyid {rCorr Int+4}
  6622 | D:7      | Reached skill level 12 in Axes
  6881 | D:7      | Noticed a two-headed ogre
  6884 | D:7      | Noticed a cyclops
  6884 | D:7      | Noticed a boulder beetle
  6886 | D:7      | Killed a two-headed ogre
  6886 | D:7      | Identified the ring "Acaul" {*Corrode rPois rC+ Str+3
                  | Stlth+}
  6886 | D:7      | Noticed a kobold demonologist
  6887 | D:7      | Identified the ring of Asous {rC+ Will+ MP-9 Dex+8 Stlth-}
  6887 | D:7      | Noticed a deep elf pyromancer
  6892 | D:7      | Reached XP level 10. HP: 51/88 MP: 10/10
  7103 | D:7      | Mangled by a boulder beetle

Illustrated notes

Levels and vault maps discovered:
D:1:      psy_arrival_whirlpool, layout_rooms, minmay_gold_behind_fungi,
          amcnicky_mini_corridor_feature
D:2:      cheibrodos_old_hovel, layout_loops_ring, serial_shops,
          nicolae_shop_overgrown_old_shop, shapermc_ecumenical_altar_notcrosses
D:3:      layout_rooms, grunt_temple_overflow_order_and_chaos_2,
          portal_sewer_entry_b, uniq_terence
D:4:      layout_cave_pools, fedhas_altar_1, nicolae_overflow_hidden_temple,
          st_stairs_4, kennysheep_cross_bottleneck, chequers_jeans,
          minmay_misc_feat_hallway
D:5:      layout_basic, general_overflow_altar, serial_undead, serial_undead_a,
          serial_undead_d, serial_undead_e, serial_undead_a, serial_undead_f,
          serial_undead_c
D:6:      layout_cave_pools, ashenzari_altar_1, temple_doors_ab,
          corner_web_ring, st_stairs_9, uniq_grinder
D:7:      minmay_the_grid_triangle_9x9_rhombus_thin
          [minmay_the_grid_triangle_9x9_limited_checkers,
          minmay_the_grid_triangle_9x9_prize_special,
          minmay_the_grid_triangle_9x9_corrupted_corridor,
          minmay_the_grid_triangle_9x9_semitri], layout_cave_pools, minitemple
Temple:   hc_temple_tempest_star

Skill      XL: |  1  2  3  4  5  6  7  8  9 |
---------------+----------------------------+-----
Shields        | 4 5 6 |  6.2
Fighting       | 4 5 6 7 8 |  8.1
Axes           | 3 4 5 7 8 10 12 | 12.6
Armour         | 4 6 7 8 11 | 11.4

Action                   |  1- 3 |  4- 6 |  7- 9 | 10-12 || total
-------------------------+-------+-------+-------+-------++-------
Melee: War axe           |    17 |       |       |       ||    17
       Headbutt          |     6 |    10 |    18 |     6 ||    40
       Broad axe         |    39 |   144 |   145 |     9 ||   337
Throw: Throwing net      |     1 |       |       |       ||     1
  Use: Scroll            |     5 |     3 |     8 |       ||    16
       Potion            |       |     3 |     4 |       ||     7
 Stab: Held in net/web   |     1 |       |       |       ||     1
Armor: Scale mail        |     4 |       |       |       ||     4
       Chain mail        |    25 |   103 |    74 |     2 ||   204
       Skin              |       |       |    20 |       ||    20
Dodge: Dodged            |    25 |    44 |    72 |     1 ||   142
Block: Buckler           |    20 |    23 |    45 |       ||    88
